APP
DETROIT (APP) TIGERS @ OREM OWLZ
08/26/2049
 
TOP OF THE 1ST
Detroit (APP) Tigers batting - Pitching for Orem Owlz : LHP Troy Trombino
Pitching: LHP Troy Trombino
Batting: RHB Kevin Steed 0-0: Ball
1-0: Ball
2-0: Foul Ball, location: 2F
2-1: Ball
3-1: Foul Ball, location: 2F
3-2: Fly out, F4 (Popup, 34S, EV 87.5 MPH)
Batting: RHB Jorge Lebron 0-0: SOLO HOME RUN (Flyball, 7LD, EV 93.1 MPH), Distance : 343 ft
Batting: RHB Nate Dabney 0-0: Called Strike
0-1: Foul Ball, location: 2F
0-2: Ball
1-2: Ground out 6-3 (Groundball, 6, EV 86.9 MPH)
Batting: LHB Brad Gaskill 0-0: Called Strike
0-1: Ground out U3 (Groundball, 34, EV 86.2 MPH)
Top of the 1st over - 1 run, 1 hit, 0 errors, 0 left on base; Detroit (APP) 1 - Orem 0
BOTTOM OF THE 1ST
Orem Owlz batting - Pitching for Detroit (APP) Tigers : RHP Felipe Guevara
Pitching: RHP Felipe Guevara
Batting: RHB Brian Spry 0-0: Called Strike
0-1: Called Strike
0-2: Strikes out swinging
Batting: RHB Daniel Molina 0-0: Foul Ball, location: 2F
0-1: Swinging Strike
0-2: Ball
1-2: Ball
2-2: Foul Ball, location: 2F
2-2: Ground out 3-1 (Groundball, 34S, EV 87.5 MPH)
Batting: SHB Manuel Martinez 0-0: Ball
1-0: Swinging Strike
1-1: Foul Ball, location: 2F
1-2: Ball
2-2: Ground out 4-3 (Groundball, 4, EV 91.2 MPH)
Bottom of the 1st over - 0 runs, 0 hits, 0 errors, 0 left on base; Detroit (APP) 1 - Orem 0
TOP OF THE 2ND
Detroit (APP) Tigers batting - Pitching for Orem Owlz : LHP Troy Trombino
Batting: RHB Jeremiah Washington 0-0: Ball
1-0: Foul Ball, location: 2F
1-1: DOUBLE (Line Drive, 7LM, EV 91.9 MPH)
Batting: RHB Willie Ochoa 0-0: Called Strike
0-1: Foul Ball, location: 2F
0-2: Ground out U3 (Groundball, 34, EV 101.2 MPH)
Jeremiah Washington to third
Batting: RHB Cody Kafer 0-0: Ball
1-0: Swinging Strike
1-1: Foul Ball, location: 2F
1-2: Strikes out swinging
Batting: RHB Peter Jones 0-0: 2-RUN HOME RUN (Flyball, 7LD, EV 93.8 MPH), Distance : 346 ft
Batting: RHB Rick Brinkmann 0-0: Ball
1-0: Swinging Strike
1-1: Swinging Strike
1-2: Ball
2-2: Ball
3-2: Base on Balls
Batting: RHB Kevin Steed 0-0: Called Strike
0-1: Foul Ball, location: 2F
0-2: Strikes out swinging
Top of the 2nd over - 2 runs, 2 hits, 0 errors, 1 left on base; Detroit (APP) 3 - Orem 0
BOTTOM OF THE 2ND
Orem Owlz batting - Pitching for Detroit (APP) Tigers : RHP Felipe Guevara
Batting: LHB David Coatney 0-0: Ball
1-0: Ball
2-0: Ball
3-0: Base on Balls
Batting: RHB Brendan Garoutte 0-0: Called Strike
David Coatney is caught stealing 2nd base 2-4
0-1: Fly out, F3 (Popup, 3L, EV 71.9 MPH)
Batting: RHB Jesse Sargent 0-0: Ball
1-0: Foul Ball, location: 2F
1-1: Swinging Strike
1-2: Ball
2-2: Ball
3-2: Foul Ball, location: 2F
3-2: Foul Ball, location: 2F
3-2: TRIPLE (Groundball, 3L, EV 102.5 MPH)
Batting: RHB Fernando Sosa 0-0: Ball
1-0: Ball
2-0: Ball
3-0: Called Strike
3-1: Base on Balls
Batting: RHB Carlos Gonzales 0-0: Called Strike
0-1: Called Strike
0-2: Fly out, F8 (Flyball, 8LD, EV 102.5 MPH)
Bottom of the 2nd over - 0 runs, 1 hit, 0 errors, 2 left on base; Detroit (APP) 3 - Orem 0
TOP OF THE 3RD
Detroit (APP) Tigers batting - Pitching for Orem Owlz : LHP Troy Trombino
Batting: RHB Jorge Lebron 0-0: Swinging Strike
0-1: TRIPLE (Line Drive, 78XD, EV 101.9 MPH)
Batting: RHB Nate Dabney 0-0: Called Strike
0-1: Foul Ball, location: 2F
0-2: Ball
1-2: Strikes out swinging, 2-3 out at first.
Batting: LHB Brad Gaskill 0-0: Ball
1-0: Ball
2-0: Ball
3-0: Called Strike
3-1: Base on Balls
Batting: RHB Jeremiah Washington 0-0: Fielders Choice at 2nd, 1-4 (Groundball, 15S, EV 70.0 MPH)
Batting: RHB Willie Ochoa 0-0: Ball
1-0: Ball
2-0: Ball
3-0: Base on Balls
Jeremiah Washington to second
Batting: RHB Cody Kafer 0-0: Ball
1-0: Called Strike
1-1: SINGLE (Groundball, 4MD, EV 105.0 MPH)
Jorge Lebron scores
Jeremiah Washington to third
Willie Ochoa to second
Runner from 3rd tries for Home, SAFE, throw by CF to home
Batting: RHB Peter Jones 0-0: Foul Ball, location: 2F
0-1: Ball
1-1: Ball
2-1: Foul Ball, location: 2F
2-2: Foul Ball, location: 2F
2-2: Ball
3-2: Strikes out looking
Top of the 3rd over - 2 runs, 2 hits, 0 errors, 2 left on base; Detroit (APP) 5 - Orem 0
BOTTOM OF THE 3RD
Orem Owlz batting - Pitching for Detroit (APP) Tigers : RHP Felipe Guevara
Now at 1B: Eisse Wijnja
Batting: RHB Steve Neely 0-0: Called Strike
0-1: Ball
1-1: Ball
2-1: Ball
3-1: Foul Ball, location: 2F
3-2: Strikes out swinging
Batting: RHB Brian Spry 0-0: Ball
1-0: Fly out, F4 (Popup, 34S, EV 75.6 MPH)
Batting: RHB Daniel Molina 0-0: Ball
1-0: Ball
2-0: Swinging Strike
2-1: Swinging Strike
2-2: Foul Ball, location: 2F
2-2: Ball
3-2: DOUBLE (Line Drive, 89XD, EV 108.1 MPH)
Batting: SHB Manuel Martinez 0-0: Swinging Strike
0-1: Ball
Wild Pitch!
Daniel Molina to third
1-1: Foul Ball, location: 2F
1-2: Strikes out swinging
Bottom of the 3rd over - 0 runs, 1 hit, 0 errors, 1 left on base; Detroit (APP) 5 - Orem 0
TOP OF THE 4TH
Detroit (APP) Tigers batting - Pitching for Orem Owlz : LHP Troy Trombino
Batting: RHB Rick Brinkmann 0-0: Ball
1-0: Ball
2-0: Foul Ball, location: 2F
2-1: SOLO HOME RUN (Line Drive, 9D, EV 104.4 MPH), Distance : 395 ft
Pitching: RHP Jim Sawicki
Batting: RHB Kevin Steed 0-0: Ball
1-0: Called Strike
1-1: Foul Ball, location: 2F
1-2: SOLO HOME RUN (Flyball, 9D, EV 97.5 MPH), Distance : 383 ft
Batting: RHB Jorge Lebron 0-0: Swinging Strike
0-1: Ball
1-1: Ball
2-1: Foul Ball, location: 2F
2-2: Ball
3-2: Base on Balls
Batting: RHB Nate Dabney 0-0: Called Strike
0-1: Ball
1-1: Called Strike
1-2: Ball
2-2: Ball
3-2: Base on Balls
Jorge Lebron to second
Batting: SHB Eisse Wijnja 0-0: Ball
1-0: DOUBLE (Line Drive, 7LS, EV 98.1 MPH)
Jorge Lebron scores
Nate Dabney to third
Batting: RHB Jeremiah Washington 0-0: SINGLE (Line Drive, 7S, EV 103.1 MPH)
Nate Dabney scores
Eisse Wijnja to third
Batting: RHB Willie Ochoa 0-0: Ball
1-0: Called Strike
1-1: Swinging Strike
1-2: Ball
2-2: Ball
3-2: TRIPLE (Flyball, 89XD, EV 111.2 MPH)
Eisse Wijnja scores
Jeremiah Washington scores
Pitching: LHP Yee Koh
Batting: RHB Cody Kafer 0-0: Called Strike
0-1: Ball
1-1: Swinging Strike
1-2: Strikes out looking
Batting: RHB Peter Jones 0-0: Ball
1-0: Ball
2-0: Foul Ball, location: 2F
2-1: Foul Ball, location: 2F
2-2: Ball
3-2: Strikes out looking
Batting: RHB Rick Brinkmann 0-0: Swinging Strike
0-1: Ball
1-1: Called Strike
1-2: Strikes out looking
Top of the 4th over - 6 runs, 5 hits, 0 errors, 1 left on base; Detroit (APP) 11 - Orem 0
BOTTOM OF THE 4TH
Orem Owlz batting - Pitching for Detroit (APP) Tigers : RHP Felipe Guevara
Batting: LHB David Coatney 0-0: Ball
1-0: Called Strike
1-1: Ball
2-1: Ball
3-1: Base on Balls
Batting: RHB Brendan Garoutte 0-0: Ball
1-0: Ball
2-0: Foul Ball, location: 2F
2-1: Ball
3-1: Swinging Strike
3-2: Foul Ball, location: 2F
3-2: Reached on error, E6 (Groundball, 6, EV 80.0 MPH)
David Coatney to second
Pitching: RHP Alvaro Patino
Batting: RHB Jesse Sargent 0-0: Called Strike
0-1: DOUBLE (Line Drive, 9LS, EV 96.2 MPH)
David Coatney scores
Brendan Garoutte to third
Runner from 3rd tries for Home, SAFE, throw by RF to trailing runner, OUT at third! 9-3-5
Batting: RHB Fernando Sosa 0-0: Ground out 5-3 (Groundball, 56, EV 81.2 MPH)
Batting: RHB Carlos Gonzales 0-0: Called Strike
0-1: Foul Ball, location: 2F
0-2: Ball
1-2: Ball
2-2: Strikes out looking
Bottom of the 4th over - 2 runs, 1 hit, 1 error, 0 left on base; Detroit (APP) 11 - Orem 2
TOP OF THE 5TH
Detroit (APP) Tigers batting - Pitching for Orem Owlz : LHP Yee Koh
Batting: RHB Kevin Steed 0-0: Ball
1-0: Ball
2-0: Called Strike
2-1: Ball
3-1: Base on Balls
Batting: RHB Jorge Lebron 0-0: Called Strike
0-1: Called Strike
0-2: Strikes out swinging
Batting: RHB Nate Dabney 0-0: DOUBLE (Flyball, 78D, EV 101.2 MPH)
Kevin Steed to third
Runner from 3rd tries for Home, SAFE, throw by LF to home
Batting: SHB Eisse Wijnja 0-0: Called Strike
0-1: Ball
1-1: Called Strike
1-2: Foul Ball, location: 2F
1-2: Strikes out looking
Batting: RHB Jeremiah Washington 0-0: Called Strike
0-1: Fly out, F9 (Flyball, 9, EV 87.5 MPH)
Top of the 5th over - 1 run, 1 hit, 0 errors, 1 left on base; Detroit (APP) 12 - Orem 2
BOTTOM OF THE 5TH
Orem Owlz batting - Pitching for Detroit (APP) Tigers : RHP Alvaro Patino
Batting: RHB Steve Neely 0-0: Foul Ball, location: 2F
0-1: Foul Ball, location: 2F
0-2: Strikes out swinging
Batting: RHB Brian Spry 0-0: Ball
1-0: Called Strike
1-1: Called Strike
1-2: Strikes out swinging
Batting: RHB Daniel Molina 0-0: Ball
1-0: Foul Ball, location: 2F
1-1: Ground out 4-3 (Groundball, 4S, EV 90.0 MPH)
Bottom of the 5th over - 0 runs, 0 hits, 0 errors, 0 left on base; Detroit (APP) 12 - Orem 2
TOP OF THE 6TH
Detroit (APP) Tigers batting - Pitching for Orem Owlz : LHP Yee Koh
Batting: RHB Willie Ochoa 0-0: Ball
1-0: Called Strike
1-1: Called Strike
1-2: Ball
2-2: Foul Ball, location: 2F
2-2: Foul Ball, location: 2F
2-2: Ball
3-2: Foul Ball, location: 2F
3-2: Fly out, F3 (Popup, 3F, EV 82.5 MPH)
Pitching: RHP Michael Coleman
Batting: RHB Cody Kafer 0-0: Called Strike
0-1: Ball
1-1: Ball
2-1: Ball
3-1: Base on Balls
Batting: RHB Peter Jones 0-0: Ball
1-0: Called Strike
1-1: Fly out, F9 (Flyball, 9LD, EV 96.9 MPH)
Runner from 1st tags up, SAFE at 2nd
Batting: RHB Rick Brinkmann 0-0: Ball
1-0: Foul Ball, location: 2F
1-1: Swinging Strike
1-2: Strikes out swinging
Top of the 6th over - 0 runs, 0 hits, 0 errors, 1 left on base; Detroit (APP) 12 - Orem 2
BOTTOM OF THE 6TH
Orem Owlz batting - Pitching for Detroit (APP) Tigers : RHP Alvaro Patino
Now at 2B: Kevin Steed
Now at SS: Alex Duarte
Batting: SHB Manuel Martinez 0-0: Foul Ball, location: 2F
0-1: Ball
1-1: Ball
2-1: Ball
3-1: Called Strike
3-2: Foul Ball, location: 2F
3-2: Ground out 5-3 (Groundball, 56, EV 93.8 MPH)
Batting: LHB David Coatney 0-0: Fly out, F7 (Flyball, 78D, EV 91.9 MPH)
Batting: RHB Brendan Garoutte 0-0: Ball
1-0: Called Strike
1-1: Swinging Strike
1-2: Ball
2-2: Strikes out swinging
Bottom of the 6th over - 0 runs, 0 hits, 0 errors, 0 left on base; Detroit (APP) 12 - Orem 2
TOP OF THE 7TH
Detroit (APP) Tigers batting - Pitching for Orem Owlz : RHP Michael Coleman
Batting: RHB Kevin Steed 0-0: Foul Ball, location: 2F
0-1: Swinging Strike
0-2: Foul Ball, location: 2F
0-2: Ball
1-2: Ball
2-2: DOUBLE (Flyball, 8LXD, EV 105.6 MPH)
Batting: RHB Jorge Lebron 0-0: Called Strike
0-1: Ball
1-1: Ball
2-1: Called Strike
2-2: Ball
3-2: Fly out, F3 (Line Drive, 3L, EV 75.0 MPH)
Batting: RHB Nate Dabney 0-0: Called Strike
0-1: Ball
1-1: Foul Ball, location: 2F
1-2: Strikes out swinging
Pinch Hitting: SHB Franklin Garza 0-0: Called Strike
0-1: Foul Ball, location: 2F
0-2: Foul Ball, location: 2F
0-2: Foul Ball, location: 2F
0-2: Ball
1-2: Ball
2-2: Fly out, F8 (Flyball, 8LD, EV 100.6 MPH)
Top of the 7th over - 0 runs, 1 hit, 0 errors, 1 left on base; Detroit (APP) 12 - Orem 2
BOTTOM OF THE 7TH
Orem Owlz batting - Pitching for Detroit (APP) Tigers : RHP Alvaro Patino
Now at 1B: Franklin Garza
Batting: RHB Jesse Sargent 0-0: Ball
1-0: Foul Ball, location: 2F
1-1: Fly out, F3 (Popup, 3SF, EV 63.8 MPH)
Batting: RHB Fernando Sosa 0-0: Ball
1-0: Fly out, F9 (Flyball, 9LD, EV 94.4 MPH)
Batting: RHB Carlos Gonzales 0-0: Ball
1-0: Fly out, F7 (Flyball, 7, EV 75.0 MPH)
Bottom of the 7th over - 0 runs, 0 hits, 0 errors, 0 left on base; Detroit (APP) 12 - Orem 2
TOP OF THE 8TH
Detroit (APP) Tigers batting - Pitching for Orem Owlz : RHP Michael Coleman
Batting: RHB Alex Duarte 0-0: SINGLE (Line Drive, 6D, EV 96.2 MPH)
Batting: RHB Willie Ochoa 0-0: Fly out, F9 (Flyball, 89S, EV 88.8 MPH)
Batting: RHB Cody Kafer 0-0: Called Strike
0-1: Foul Ball, location: 2F
0-2: Foul Ball, location: 2F
0-2: 2-RUN HOME RUN (Flyball, 78XD, EV 108.1 MPH), Distance : 425 ft
Pitching: RHP Carlos Olbera
Batting: RHB Peter Jones 0-0: Called Strike
0-1: Called Strike
0-2: Ball
1-2: Foul Ball, location: 2F
1-2: Strikes out swinging
Batting: RHB John Barton 0-0: Ball
1-0: Swinging Strike
1-1: Ball
2-1: Foul Ball, location: 2F
2-2: Foul Ball, location: 2F
2-2: Strikes out swinging, 2-3 out at first.
Top of the 8th over - 2 runs, 2 hits, 0 errors, 0 left on base; Detroit (APP) 14 - Orem 2
BOTTOM OF THE 8TH
Orem Owlz batting - Pitching for Detroit (APP) Tigers : RHP Alvaro Patino
Pitching: RHP Nick Brooks
Pinch Hitting: LHB Bill Girton 0-0: Ball
1-0: Ball
2-0: Ball
3-0: Base on Balls
Pinch Hitting: RHB Brian Bonin 0-0: Swinging Strike
0-1: Called Strike
0-2: Ball
1-2: Strikes out swinging
Batting: RHB Daniel Molina 0-0: Ball
1-0: Ball
2-0: Swinging Strike
2-1: Ball
3-1: SINGLE (Groundball, 56D, EV 100.6 MPH)
Bill Girton to second
Batting: SHB Manuel Martinez 0-0: Called Strike
0-1: Swinging Strike
0-2: Ball
1-2: Foul Ball, location: 2F
1-2: Strikes out swinging
Batting: LHB David Coatney 0-0: Called Strike
0-1: Ball
1-1: Foul Ball, location: 2F
1-2: Ball
2-2: Ball
3-2: Base on Balls
Bill Girton to third
Daniel Molina to second
Pinch Hitting: LHB Kevin Feldman 0-0: Ball
1-0: Ball
2-0: Foul Ball, location: 2F
2-1: Ball
3-1: Swinging Strike
3-2: Base on Balls
Bill Girton scores
Daniel Molina to third
David Coatney to second
Batting: RHB Jesse Sargent 0-0: Ball
1-0: Called Strike
1-1: Swinging Strike
1-2: Ball
2-2: Strikes out swinging
Bottom of the 8th over - 1 run, 1 hit, 0 errors, 3 left on base; Detroit (APP) 14 - Orem 3
TOP OF THE 9TH
Detroit (APP) Tigers batting - Pitching for Orem Owlz : RHP Carlos Olbera
Now at 1B: Brian Bonin
Now at 2B: Cesar Carrasquillo
Now in RF: Kevin Feldman
Batting: RHB Kevin Steed 0-0: Called Strike
0-1: Ball
1-1: Called Strike
1-2: Fly out, F7 (Flyball, 7S, EV 96.2 MPH)
Batting: RHB Jorge Lebron 0-0: Foul Ball, location: 2F
0-1: Ball
1-1: Ball
2-1: Foul Ball, location: 2F
2-2: Ball
3-2: SINGLE (Line Drive, 78S, EV 100.0 MPH)
Pitching: RHP Arnold Frye
Batting: RHB Nate Dabney 0-0: Foul Ball, location: 2F
0-1: Ball
1-1: Fly out, F8 (Flyball, 8RS, EV 85.0 MPH)
Batting: SHB Franklin Garza 0-0: Called Strike
0-1: Swinging Strike
0-2: Foul Ball, location: 2F
0-2: Ball
1-2: Strikes out swinging
Top of the 9th over - 0 runs, 1 hit, 0 errors, 1 left on base; Detroit (APP) 14 - Orem 3
BOTTOM OF THE 9TH
Orem Owlz batting - Pitching for Detroit (APP) Tigers : RHP Nick Brooks
Pitching: RHP Edwin Torres
Batting: RHB Fernando Sosa 0-0: Called Strike
0-1: Reached on error, E4 (Groundball, 4M, EV 86.9 MPH)
Pinch Hitting: RHB Wilford Harper 0-0: Ball
1-0: Foul Ball, location: 2F
1-1: Foul Ball, location: 2F
1-2: Foul Ball, location: 2F
1-2: Strikes out looking
Batting: SHB Cesar Carrasquillo 0-0: Foul Ball, location: 2F
0-1: Called Strike
0-2: Ball
1-2: Strikes out looking
Batting: RHB Brian Bonin 0-0: Ball
1-0: Ball
2-0: Ground out 5-3 (Groundball, 56S, EV 86.9 MPH)
Bottom of the 9th over - 0 runs, 0 hits, 1 error, 1 left on base; Detroit (APP) 14 - Orem 3
Sunday, July 16th , 2023 - OOTP Baseball 24.6 Build 69